 Dungeon Crawl Stone Soup version 0.30-a0-219-gf2db51d15e (webtiles) character file.

Game seed: 16292049066594558509

108 KennySheep the Changer (level 4, -1/32 HPs)
             Began as a Barachi Transmuter on Oct 8, 2022.
             Was a Follower of Sif Muna.
             Slain by an iguana (14 damage)
             ... on level 4 of the Dungeon.
             The game lasted 00:07:17 (2645 turns).

KennySheep the Changer (Barachi Transmuter)         Turns: 2645, Time: 00:07:17

Health: -1/32      AC:  2    Str: 18    XL:     4   Next: 87%
Magic:  6/7        EV: 12    Int: 15    God:    Sif Muna [*.....]
Gold:   182        SH:  0    Dex: 12    Spells: 0/7 levels left

rFire   . . .      SeeInvis .      - Unarmed
rCold   . . .      Faith    .    (no shield)
rNeg    . . .      Spirit   .    a - +0 robe
rPois   +          Reflect  .    (helmet currently unavailable)
rElec   .          Harm     .    (no cloak)
rCorr   .          Rampage  .    (no gloves)
Will    .....                    (boots currently unavailable)
Stlth   +.........               (no amulet)
HPRegen 0.25/turn                d - ring of poison resistance
MPRegen 0.10/turn                o - +6 ring of strength

@: appendages, slow
A: horns 2, talons 2, amphibious, slowness 1, strong legs 1, +LOS
a: Hop, End Transformation, Renounce Religion, Channel Magic


You were on level 4 of the Dungeon.
You worshipped Sif Muna.
Sif Muna was aware of your devotion.
You had temporarily grown beastly horns and talons.
You visited 1 branch of the dungeon, and saw 4 of its levels.

You collected 182 gold pieces.

Inventory:

Hand Weapons
 c - a +0 dagger
Armour
 a - a +0 robe (worn)
Jewellery
 d - a ring of poison resistance (left hand)
 o - a +6 ring of strength (right hand)
Scrolls
 e - a scroll of noise {unknown}
 f - 3 scrolls of teleportation
 g - 2 scrolls of butterflies {unknown}
 h - 2 scrolls of immolation
 j - a scroll of brand weapon
 n - a scroll of blinking {unknown}
Potions
 b - 4 potions of lignification
 i - 3 potions of curing
 k - 3 potions of mutation {unknown}
 l - 2 potions of attraction {unknown}
 m - 2 potions of magic {unknown}


   Skills:
 - Level 1.2 Fighting
 - Level 2.1 Dodging
 - Level 3.2 Unarmed Combat
 + Level 2.2 Spellcasting
 * Level 4.1 Transmutations
 * Level 3.3 Ice Magic


You couldn't memorise any spells.
You knew the following spells:

 Your Spells              Type           Power      Damage    Failure   Level
a - Beastly Appendage     Tmut           28%        N/A       3%          1
b - Wereblood             Tmut           14%        N/A       6%          2
c - Ice Form              Ice/Tmut       13%        N/A       41%         4

Your spell library contained the following spells:

 Spells                   Type           Power      Damage    Failure   Level
 Spider Form              Tmut/Pois      7%         N/A       28%         3
 Sublimation of Blood     Necr           1%         N/A       32%         2
 Petrify                  Tmut/Erth      7%         N/A       67%         4
 Irradiate                Conj/Tmut      3%         3d12      95%         5


Dungeon Overview and Level Annotations

Branches:
Dungeon (4/15)
 Temple: D:4-7

Altars:
Sif Muna
Yredelemnul

Annotations:
D:3 3 runed translucent doors, Pooter's ghost, amateur MiBe


Innate Abilities, Weirdness & Mutations

You have temporarily grown beastly horns and talons.
You are amphibious.
You cover ground slowly.
You can hop short distances.
You have an extended range of vision and can be seen from far away.


Message History

b - 4 potions of lignification (gained 1)
Found a ring of poison resistance and 4 javelins.
Found a stone staircase leading down.
You open the door.
There is an open door here.
An iguana comes into view.
An iguana is nearby!
Found a stone staircase leading up.
You barely miss the iguana. The iguana misses you.
You barely miss the iguana. The iguana bites you.
Casting: Beastly Appendage (safe; 3% risk of failure)
Confirm with . or Enter, or press ? or * to list all spells.
You grow a pair of large bovine horns.
Your feet morph into talons.
The iguana closely misses you.
You closely miss the iguana. Your kick misses the iguana.
The iguana barely misses you.
You hit the iguana. Your kick misses the iguana.
You headbutt the iguana, but do no damage.
The iguana is lightly wounded.
The iguana bites you.
You closely miss the iguana.
The iguana is lightly wounded.
The iguana barely misses you.
You hit the iguana. Your kick misses the iguana.
Your headbutt misses the iguana.
The iguana is lightly wounded.
The iguana closely misses you.
You hit the iguana but do no damage. You claw the iguana.
Your headbutt misses the iguana.
The iguana is moderately wounded.
You closely miss the iguana. You claw the iguana.
The iguana is moderately wounded.
The iguana bites you!
You hit the iguana but do no damage.
The iguana is moderately wounded.
The iguana barely misses you.
You hit the iguana. Your headbutt misses the iguana.
The iguana is severely wounded.
The iguana bites you!
You die...

###.#######.#
...# #.#
..... #.#
..... #.# ...
#.# #.# #.#
#.# #@# #l#
... ##.## #.#
#.# #.. ..#
.<#


You could see an iguana.

Vanquished Creatures
  3 gnolls (D:2)
  3 adders
  An adder zombie (D:3)
  A worm (D:2)
  A dart slug (D:2)
  2 orcs (D:3)
  5 endoplasms
  A giant cockroach (D:1)
  4 goblins
  5 hobgoblins
  A quokka (D:2)
  5 ball pythons
  2 bats (D:1)
  2 frilled lizards
  A giant cockroach zombie (D:3)
  3 kobolds
  2 rats
42 creatures vanquished.

Vanquished Creatures (others)
  5 fungi (D:3)
  3 plants (D:3)
8 creatures vanquished.

Grand Total: 50 creatures vanquished

Notes
Turn   | Place    | Note
-------+----------+-------------------------------------------
     0 | D:1      | KennySheep the Barachi Transmuter began the quest for the
                  | Orb.
     0 | D:1      | Reached XP level 1. HP: 15/15 MP: 3/3
   211 | D:1      | Reached XP level 2. HP: 18/21 MP: 5/5
   214 | D:1      | Reached skill level 1 in Ice Magic
   217 | D:1      | Learned a level 2 spell: Wereblood
   680 | D:2      | Reached skill level 3 in Transmutations
   683 | D:2      | Reached XP level 3. HP: 26/26 MP: 4/6
   946 | D:2      | Reached XP level 4. HP: 24/32 MP: 5/7
  1198 | D:2      | Learned a level 4 spell: Ice Form
  1779 | D:3      | Found a faded altar of an unknown god.
  1796 | D:3      | Reached skill level 4 in Transmutations
  1820 | D:3      | Prayed at the altar of an unknown god.
  1820 | D:3      | Became a worshipper of Sif Muna the Loreminder
  1820 | D:3      | Reached * piety under Sif Muna
  2362 | D:3      | Found a runed translucent gate.
  2362 | D:3      | Found a runed translucent gate.
  2362 | D:3      | Found a runed translucent gate.
  2362 | D:3      | Noticed Pooter's ghost (amateur MiBe)
  2364 | D:3      | Found a basalt altar of Yredelemnul.
  2533 | D:4      | Noticed a centaur
  2645 | D:4      | Slain by an iguana

Illustrated notes

Levels and vault maps discovered:
D:1:      dpeg_arrival_fog, layout_basic, minmay_misc_feat_columns
D:2:      cheibrodos_old_hovel, layout_basic, chequers_jeans
D:3:      layout_loops_ring, nicolae_yredelemnul_ghost_church,
          shapermc_ecumenical_altar_mp_urbaneastern
D:4:      layout_basic, uniq_blork_the_orc

Skill      XL: |  1  2  3  4 |
---------------+-------------+-----
Ice Magic      | 1 2 3 |  3.3
Transmutations | 3 4 |  4.1
Fighting       | |  1.2
Dodging        | |  2.1
Unarmed Combat | |  3.2
Spellcasting   | |  2.2

Action                   |  1- 3 |  4- 6 || total
-------------------------+-------+-------++-------
Melee: Unarmed           |    75 |    91 ||   166
       Headbutt          |     4 |     3 ||     7
       Kick              |     8 |     7 ||    15
       Punch             |       |     2 ||     2
 Cast: Beastly Appendage |     8 |     7 ||    15
  Use: Scroll            |       |     3 ||     3
       Potion            |       |     1 ||     1
 Stab: Sleeping          |     1 |       ||     1
Armor: Robe              |    16 |     6 ||    22
Dodge: Dodged            |    58 |    59 ||   117

Table legend: (Time is in decaauts)
 A = Elapsed time spent in this place.
 B = Non-inter-level travel time spent in this place.
 C = Inter-level travel time spent in this place.
 D = Time resting spent in this place.
 E = Time spent auto-exploring this place.
 F = Levels seen in this place.
 G = Mean time per level.
                   A        B        C        D        E       F      G
               +--------+--------+--------+--------+--------+-----+--------+
         Total |   3031 |   2887 |    144 |    133 |   2251 |   4 |  757.8 |
       Dungeon |   3031 |   2887 |    144 |    133 |   2251 |   4 |  757.8 |
               +--------+--------+--------+--------+--------+-----+--------+

Top non-repeatable levels by time:
     D:2: 1376 daAuts
     D:3: 995 daAuts
     D:1: 587 daAuts
     D:4: 71 daAuts
